 Dungeon Crawl Stone Soup version 0.21.1-1-g345015f (webtiles) character file.

107 Firecrotchwizard the Digger (level 4, -1/24 HPs)
             Began as a Gargoyle Earth Elementalist on Apr 5, 2018.
             Was an Initiate of Vehumet.
             Slain by Terence
             ... wielding a +2 mace of holy wrath
              (7 damage)
             ... on level 3 of the Dungeon.
             The game lasted 00:05:19 (3234 turns).

Firecrotchwizard the Digger (GrEE)                  Turns: 3234, Time: 00:05:20

Health: -1/24      AC:  5    Str: 12    XL:     4   Next: 85%
Magic:  0/8        EV: 12    Int: 16    God:    Vehumet [......]
Gold:   122        SH:  0    Dex: 10    Spells: 4/8 levels left

rFire    + . .     SeeInvis .   y - +0 flail
rCold    . . .     Gourm    .   (no shield)
rNeg     + . .     Faith    .   c - +0 robe
rPois    ∞         Spirit   .   (no helmet)
rElec    +         Reflect  .   (no cloak)
rCorr    .         Harm     .   (no gloves)
MR       .....                  (no boots)
Stlth    ++........             (no amulet)
HPRegen  0.08/turn              f - ring of poison resistance {rPois, !d}
MPRegen  0.11/turn              k - ring of protection from fire {rF+, !d}

@: no status effects
A: negative energy resistance 1, electricity resistance, unbreathing,
petrification resistance, rot immunity, AC +3
a: Renounce Religion


You were on level 3 of the Dungeon.
You worshipped Vehumet.
Vehumet was noncommittal.
You were hungry.

You visited 1 branch of the dungeon, and saw 3 of its levels.

You collected 122 gold pieces.

Inventory:

Hand Weapons
 g - a +0 club
   (You took it off a goblin on level 1 of the Dungeon)
 v - a +0 dagger of speed
   (You took it off an orc wizard on level 3 of the Dungeon)
 w - a +0 mace
   (You took it off an orc on level 3 of the Dungeon)
 y - a +0 flail (weapon)
   (You took it off an orc on level 3 of the Dungeon)
Missiles
 b - 63 stones (quivered)
 r - a throwing net {=f, !d}
Armour
 c - a +0 robe (worn)
Magical Staves
 l - an uncursed staff of poison {rPois}
   (You found it on level 2 of the Dungeon)
Jewellery
 f - a ring of poison resistance (left hand) {rPois, !d}
   (You found it on level 1 of the Dungeon)
 k - a ring of protection from fire (right hand) {rF+, !d}
   (You found it on level 1 of the Dungeon)
Scrolls
 a - 2 scrolls of teleportation {unknown}
 m - a scroll of fear {unknown}
 n - 4 scrolls of identify {unknown}
 o - a scroll of random uselessness {unknown}
 s - a scroll of remove curse {unknown}
 t - a scroll of fog {unknown}
 u - 2 scrolls of enchant armour {unknown}
Potions
 h - 2 potions of flight {unknown}
 i - a potion of lignification {unknown}
 j - a potion of agility {unknown}
 p - 2 potions of invisibility {unknown}
 q - a potion of heal wounds {unknown}
 x - a potion of curing {unknown}
Books
 e - a book of Geomancy
Comestibles
 d - 4 rations {@e1}


   Skills:
 - Level 1.9 Dodging
 - Level 2.6 Stealth
 + Level 2.7 Spellcasting
 * Level 1.9 Conjurations
   Level 0.7 Transmutations
 * Level 5.0 Earth Magic


You had 4 spell levels left.
You knew the following spells:

 Your Spells              Type           Power        Failure   Level  Hunger
a - Sandblast             Erth           ###...       2%          1    #......
x - Stone Arrow           Conj/Erth      ##....       14%         3    ###....


Dungeon Overview and Level Annotations

Branches:
Dungeon (3/15)

Altars:
Uskayaw
Vehumet

Annotations:
D:3 Terence


Innate Abilities, Weirdness & Mutations

You are resistant to torment.
Your stone body is resilient. (AC +3)
You are immune to poison.
You resist negative energy. (rN+)
You are resistant to electric shocks. (rElec)
You can survive without breathing.
You are immune to petrification.
You are immune to rotting.


Message History

You hit the hobgoblin.
You kill the hobgoblin!
Vehumet accepts your kill.
Your Earth Magic skill increases to level 5!
You now have 122 gold pieces (gained 8).
t - a scroll labeled BAIGHAGOAWN A kobold comes into view.
It is wielding a dagger.
The kobold shouts!
You hit the kobold.
You kill the kobold!
Vehumet accepts your kill.
Things that are here:
a dagger; a kobold corpse You open the door.
There is an open door here.
You see here a flail.
An orc is nearby!
The orc shouts!
The orc throws a tomahawk.
The tomahawk closely misses you. The orc hits you with a flail!
You take 10 damage, and have 14/24 hp.
MASSIVE DAMAGE!!
You sock the orc!
You kill the orc!
Vehumet accepts your kill.
x - a dark potion
Things that are here:
a flail; a tomahawk There isn't anything to butcher here.
y - a flail
y - a +0 flail (weapon)
You start resting.
You are feeling hungry.
You regained 5 hp, and now have 19/24 hp.
You start resting.
Health restored: 24 You may need something to eat soon, looking for food.
Can't find anything matching that.
Okay, then.
Found a stone staircase leading down.
Found a stone staircase leading up.
Terence the Incautious comes into view.
He is wielding a mace of holy wrath.
Terence shouts!
You can't see any susceptible monsters within range! (Use Z to cast anyway.) Unknown command.
Aim: Terence, wielding a mace of holy wrath and wearing a scale mail The blast of sand hits Terence.
b - 71 stones You now have 7/8 mp.
Aim: Terence, wielding a mace of holy wrath and wearing a scale mail (heavily wounded)
The blast of sand hits Terence.
b - 70 stones You now have 6/8 mp.
Aim: Terence, wielding a mace of holy wrath and wearing a scale mail (severely wounded)
The blast of sand misses Terence.
b - 69 stones Terence closely misses you.
You now have 5/8 mp.
Aim: Terence, wielding a mace of holy wrath and wearing a scale mail (severely wounded)
The blast of sand hits Terence.
b - 68 stones Terence drinks a potion.
Terence goes berserk!
You now have 4/8 mp.
Aim: Terence, wielding a mace of holy wrath and wearing a scale mail (almost dead, berserk, fast, unusually strong)
The blast of sand misses Terence.
b - 67 stones Terence hits you with a mace of holy wrath.
You take 3 damage, and have 21/24 hp.
You now have 3/8 mp.
Aim: Terence, wielding a mace of holy wrath and wearing a scale mail (almost dead, berserk, fast, unusually strong)
The blast of sand hits Terence.
b - 66 stones Terence hits you with a mace of holy wrath!
Terence hits you with a mace of holy wrath.
You take 11 damage, and have 10/24 hp.
MASSIVE DAMAGE!!
You now have 2/8 mp.
Aim: Terence, wielding a mace of holy wrath and wearing a scale mail (almost dead, berserk, fast, unusually strong)
The blast of sand misses Terence.
b - 65 stones Terence misses you.
You now have 1/8 mp.
Aim: Terence, wielding a mace of holy wrath and wearing a scale mail (almost dead, berserk, fast, unusually strong)
The blast of sand misses Terence.
b - 64 stones Terence misses you.
You now have 0/8 mp.
Terence closely misses you. Terence barely misses you.
Terence rages.
Aim: Terence, wielding a mace of holy wrath and wearing a scale mail (almost dead, berserk, fast, unusually strong)
The blast of sand hits Terence.
b - 63 stones Terence barely misses you.
You now have 0/8 mp.
You hit Terence.
Terence hits you with a mace of holy wrath.
* * * LOW HITPOINT WARNING * * *
Terence hits you with a mace of holy wrath!
You die...

#................
#.#.#####.#.#.### ..
#.#.#####.#.#.### #.
#..............(. #.
#.#.#####.##..###
###.######.#.#####.##..###
........##.........##.....
.#.###.###......#####.##.####
.......##..@@..<# #.#......
..%.......##........#.###.###
.#.....##.##..#.###.#.# #.#
....... ..##..#.# ### #.##
.########.##....# ##).##
#.###.#.# #..... #.# ...#
#..... #.# ## # #..... ...
#.....


You could see Terence (berserk).

Vanquished Creatures
  An orc wizard (D:3)
  3 adders
  A worm (D:3)
  A dart slug (D:1)
  A leopard gecko (D:3)
  4 orcs (D:3)
  7 bats
  2 giant cockroaches (D:1)
  2 hobgoblins
  3 jackals (D:1)
  A quokka (D:2)
  2 ball pythons
  5 frilled lizards
  3 goblins
  6 kobolds
  8 rats
50 creatures vanquished.

Notes
Turn   | Place    | Note
-------+----------+-------------------------------------------
     0 | D:1      | Firecrotchwizard the Gargoyle Earth Elementalist began the quest for the Orb.
     0 | D:1      | Reached XP level 1. HP: 10/10 MP: 3/3
   319 | D:1      | Reached XP level 2. HP: 11/15 MP: 1/5
   567 | D:1      | Reached skill level 4 in Earth Magic
   871 | D:1      | Reached XP level 3. HP: 5/19 MP: 4/6
  1367 | D:2      | Learned a level 3 spell: Stone Arrow
  1410 | D:2      | Found a radiant altar of Vehumet.
  1540 | D:2      | Became a worshipper of Vehumet
  1686 | D:2      | Found a hide-covered altar of Uskayaw.
  2443 | D:3      | Reached skill level 1 in Conjurations
  2443 | D:3      | Reached XP level 4. HP: 15/24 MP: 4/7
  2982 | D:3      | Reached skill level 5 in Earth Magic
  3217 | D:3      | Noticed Terence
  3234 | D:3      | HP: 6/24 [Terence/mace of holy wrath (5)]
  3234 | D:3      | Slain by Terence

Skill      XL: |  1  2  3  4 |
---------------+-------------+-----
Earth Magic    | 4 5 |  5.0
Conjurations   | 1 |  1.9
Dodging        | |  1.9
Stealth        | |  2.6
Spellcasting   | |  2.7
Transmutations | |  0.7

Action                   |  1- 3 |  4- 6 || total
-------------------------+-------+-------++-------
Melee: Unarmed           |    81 |       ||    81
       Club              |    56 |     1 ||    57
       Mace              |       |    23 ||    23
       Flail             |       |     1 ||     1
Throw: Stone             |     6 |       ||     6
 Cast: Sandblast         |    25 |    17 ||    42
 Stab: Sleeping          |     5 |       ||     5
  Eat: Chunk             |     5 |     2 ||     7
Armor: Robe              |    80 |     5 ||    85
Dodge: Dodged            |   162 |    28 ||   190

Vault maps used:
D:1:      dpeg_arrival_tiny_g, serial_forest, infiniplex_forest_diagonal,
          infiniplex_forest_straight_2, infiniplex_forest_pool,
          infiniplex_forest_corner_2, infiniplex_forest_lined_room_2,
          infiniplex_forest_clump_tiny
D:2:      nicolae_overflow_crystal_walls, lemuel_crystal_altar
D:3:      first_ration, uniq_terence

Table legend:
 A = Turns spent in this place as a percentage of turns spent in the entire game.
 B = Non-inter-level travel turns spent in this place as a percentage of non-inter-level travel turns spent in the entire game.
 C = Inter-level travel turns spent in this place as a percentage of turns spent in this place.
 D = Turns resting spent in this place as a percentage of non-inter-level travel turns spent in this place.
 E = Turns spent auto-exploring this place as a percentage of non-inter-level travel turns spent in this place.
 F = Non-inter-level travel turns spent in this place divided by the number of levels of this place that you've seen.
                   A       B       C       D       E      F
               +-------+-------+-------+-------+-------+----------------------
         Total | 100.0 | 100.0 |   2.0 |  36.3 |  44.8 | 1056.0
       Dungeon | 100.0 | 100.0 |   2.0 |  36.3 |  44.8 | 1056.0
               +-------+-------+-------+-------+-------+----------------------

Table legend:
 A = Kills in this place as a percentage of kills in entire the game.
 B = Kills by you in this place as a percentage of kills by you in the entire game.
 C = Kills by friends in this place as a percentage of kills by friends in the entire game.
 D = Other kills in this place as a percentage of other kills in the entire game.
 E = Experience gained in this place as a percentage of experience gained in the entire game.
 F = Experience gained in this place divided by the number of levels of this place that you have seen.
                   A       B       C       D       E      F
               +-------+-------+-------+-------+-------+----------------------
         Total | 100.0 | 100.0 |   N/A |   N/A | 100.0 |  51.0
       Dungeon | 100.0 | 100.0 |   N/A |   N/A | 100.0 |  51.0
               +-------+-------+-------+-------+-------+----------------------
